 Dungeon Crawl Stone Soup version 0.29.1-15-g9cfb28693d (webtiles) character file.

Game seed: 8923468118280208216

6909 raph the Impaler (level 10, -12/88 HPs)
             Began as a Minotaur Berserker on Mar 30, 2023.
             Was an Elder of Trog.
             Mangled by a two-headed ogre
             ... wielding a +0 giant spiked club
              (18 damage)
             ... on level 9 of the Dungeon.
             The game lasted 00:11:06 (9634 turns).

raph the Impaler (Minotaur Berserker)               Turns: 9634, Time: 00:11:07

Health: -12/88     AC: 10    Str: 21    XL:     10   Next: 79%
Magic:  9/9        EV: 15    Int:  4    God:    Trog [****..]
Gold:   520        SH:  0    Dex: 15    Spells: 9/9 levels left

rFire   . . .      SeeInvis .   p - +0 bardiche
rCold   . . .      Faith    .   (shield currently unavailable)
rNeg    . . .      Spirit   .   t - +0 steam dragon scales
rPois   .          Reflect  .   (helmet restricted)
rElec   .          Harm     .   u - +1 cloak
rCorr   .          Rampage  .   (no gloves)
Will    ++...                   j - +2 pair of boots
Stlth   +.........              (no amulet)
HPRegen 1.24/turn               (no ring)
MPRegen 0.11/turn               (no ring)

@: strong-willed, on berserk cooldown, regenerating, studying Shields, invisible
A: horns 2, retaliatory headbutt
a: Renounce Religion, Berserk, Trog's Hand, Brothers in Arms


You were on level 9 of the Dungeon.
You worshipped Trog.
Trog was greatly pleased with you.
You visited 2 branches of the dungeon, and saw 10 of its levels.

You collected 520 gold pieces.

Inventory:

Hand Weapons
 a - a +1 vorpal spear
 o - a +3 trident
 p - a +0 bardiche (weapon)
Missiles
 f - 36 poisoned darts (quivered)
 l - 4 curare-tipped darts
Armour
 d - a +1 leather armour
 j - a +2 pair of boots (worn)
 t - +0 steam dragon scales (worn)
 u - a +1 cloak (worn)
Wands
 i - a wand of flame (17)
 k - a wand of iceblast (15)
 v - a wand of mindburst (3)
Scrolls
 b - a scroll of silence
 g - 3 scrolls of teleportation
 s - a scroll of fear
Potions
 c - 6 potions of curing
 e - a potion of mutation
 h - 3 potions of flight
 m - 5 potions of lignification
 n - a potion of might
 q - a potion of cancellation
 r - a potion of attraction {unknown}
 w - a potion of ambrosia {unknown}
 x - a potion of resistance {unknown}
 z - a potion of heal wounds {unknown}
 A - a potion of haste
 B - a potion of invisibility


   Skills:
 + Level 7.9 Fighting
 * Level 17.1 Polearms
 - Level 2.4 Armour
 + Level 6.7 Dodging


You had 9 spell levels left.
You didn't know any spells.
Your spell library was empty.

Dungeon Overview and Level Annotations

Branches:
Dungeon (9/15)             Temple (1/1) D:6
   Lair: D:8-11         Orc: D:9-12

Altars:
Ashenzari
Cheibriados
Dithmenos
Elyvilon
Gozag
Hepliaklqana
Kikubaaqudgha
Makhleb
Nemelex Xobeh
Okawaru
Qazlal
Ru
Sif Muna
Trog
Uskayaw
Vehumet
Wu Jian
Xom
Yredelemnul
Zin
The Shining One

Shops:
D:6 :


Innate Abilities, Weirdness & Mutations

You have a pair of horns on your head.
You reflexively headbutt those who attack you in melee.


Message History

You slash the two-headed ogre!
The two-headed ogre is lightly wounded.
The two-headed ogre barely misses you. The two-headed ogre closely misses you.
You hit the two-headed ogre but do no damage.
You headbutt the two-headed ogre, but do no damage.
The two-headed ogre is lightly wounded.
The two-headed ogre hits you with a +0 giant spiked club!!
The two-headed ogre barely misses you.
You completely miss the two-headed ogre.
The two-headed ogre is lightly wounded.
The two-headed ogre misses you. You furiously retaliate!
You headbutt the two-headed ogre. The two-headed ogre barely misses you.
You slash the two-headed ogre!
The two-headed ogre is moderately wounded.
The two-headed ogre hits you with a +0 giant spiked club!
The two-headed ogre hits you with a +0 giant spiked club!!
* * * LOW HITPOINT WARNING * * *
The two-headed ogre barely misses you. You furiously retaliate!
You headbutt the two-headed ogre. The two-headed ogre barely misses you.
Your skin crawls.
You feel strong-willed. The two-headed ogre barely misses you.
You furiously retaliate!
You headbutt the two-headed ogre! The two-headed ogre barely misses you.
You fade into invisibility!
The two-headed ogre completely misses you.
The two-headed ogre misses you.
You hit the two-headed ogre but do no damage.
You headbutt the two-headed ogre.
The two-headed ogre is heavily wounded.
The two-headed ogre hits you with a +0 giant spiked club.
* * * LOW HITPOINT WARNING * * *
The two-headed ogre closely misses you.
You slash the two-headed ogre!
The two-headed ogre is severely wounded.
The two-headed ogre misses you. The two-headed ogre closely misses you.
You feel yourself speed up.
The two-headed ogre hits you with a +0 giant spiked club!!
* * * LOW HITPOINT WARNING * * *
The two-headed ogre hits you with a +0 giant spiked club!!
You die...

# #... .# ##. ... ..#
.... #.# ..#
#...####.##.#
#.....).....#
.#...).....#
#.....)...##############
########.O.............##
#@.############... #..#
#### #..... ##..### ##.#
#.# ..# ##


You could see a two-headed ogre (unable to see you).

Vanquished Creatures
  A boulder beetle (D:8)
  A two-headed ogre (D:8)
  An ugly thing (D:8)
  A troll (D:8)
  A hornet (D:9)
  Grinder (D:5)
  9 yaks
  3 steam dragons
  A wraith (D:8)
  3 water moccasins
  An orc warrior (D:9)
  A black bear (D:7)
  An ogre (D:5)
  3 phantoms
  A kobold brigand (D:6)
  A gnoll sergeant (D:9)
  2 bullfrogs (D:8)
  A necrophage (D:4)
  3 scorpions
  2 wyvern zombies (D:6)
  4 wights (D:8)
  2 wyvern skeletons (D:6)
  7 howler monkeys
  A bullfrog zombie (D:6)
  3 bullfrog skeletons (D:6)
  3 hounds
  4 jellies
  Terence (D:3)
  3 iguanas
  6 orc wizards
  7 gnolls
  6 adders
  A shadow imp (D:5)
  A white imp (D:5)
  3 ufetubi (D:5)
  A worm (D:2)
  4 dart slugs
  34 orcs
  5 ball pythons
  4 endoplasms
  8 giant cockroaches
  15 goblins
  14 hobgoblins
  31 kobolds
  5 quokkas
  7 bats
  4 frilled lizards
  4 rats
226 creatures vanquished.

Vanquished Creatures (collateral kills)
  A hobgoblin (D:6)
  2 kobolds (D:6)
3 creatures vanquished.

Vanquished Creatures (others)
  An orc (D:6)
  A plant (D:6)
2 creatures vanquished.

Grand Total: 231 creatures vanquished

Notes
Turn   | Place    | Note
-------+----------+-------------------------------------------
     0 | D:1      | raph the Minotaur Berserker began the quest for the Orb.
     0 | D:1      | Reached XP level 1. HP: 19/19 MP: 0/0
    85 | D:1      | Found a faded altar of an unknown god.
    98 | D:1      | Reached skill level 4 in Polearms
   180 | D:1      | Reached XP level 2. HP: 26/26 MP: 1/1
   641 | D:1      | Reached skill level 5 in Polearms
   983 | D:2      | Reached XP level 3. HP: 30/31 MP: 2/2
  1142 | D:2      | Reached ** piety under Trog
  2348 | D:3      | Noticed Terence
  2355 | D:3      | Killed Terence
  2356 | D:3      | Reached skill level 6 in Polearms
  2356 | D:3      | Reached XP level 4. HP: 39/39 MP: 3/3
  3154 | D:3      | Noticed a water moccasin
  3160 | D:3      | Killed a water moccasin
  3161 | D:3      | Reached skill level 7 in Polearms
  3161 | D:3      | Reached XP level 5. HP: 45/45 MP: 4/4
  3491 | D:3      | Reached skill level 8 in Polearms
  3741 | D:3      | Reached XP level 6. HP: 51/51 MP: 5/5
  4251 | D:4      | Reached skill level 9 in Polearms
  4446 | D:4      | Found a shimmering blue altar of Sif Muna.
  4553 | D:5      | Entered Level 5 of the Dungeon
  4627 | D:5      | Noticed Grinder
  4631 | D:5      | Reached XP level 7. HP: 57/57 MP: 6/6
  4633 | D:5      | Reached skill level 10 in Polearms
  4641 | D:5      | Paralysed by Grinder for 4 turns
  4943 | D:5      | Found a bloodstained altar of Trog.
  4993 | D:5      | Paralysed by Grinder for 2 turns
  4998 | D:5      | Reached skill level 11 in Polearms
  5003 | D:5      | Killed Grinder
  5004 | D:5      | Reached XP level 8. HP: 64/64 MP: 7/7
  5562 | D:5      | Found a hazy altar of Hepliaklqana.
  5617 | D:6      | Reached skill level 12 in Polearms
  5668 | D:6      | Reached *** piety under Trog
  6174 | D:6      | Found a stormy altar of Qazlal.
  6215 | D:6      | Reached skill level 13 in Polearms
  6481 | D:6      | Reached skill level 14 in Polearms
  6604 | D:6      | Found a sparkling altar of Nemelex Xobeh.
  6643 | D:6      | Found a staircase to the Ecumenical Temple.
  6702 | D:6      | Reached XP level 9. HP: 70/70 MP: 8/8
  6827 | D:6      | Found Ponan's Book Boutique.
  6967 | D:6      | Found an ornate altar of the Wu Jian Council.
  7023 | D:6      | Reached **** piety under Trog
  7119 | Temple   | Entered the Ecumenical Temple
  7937 | D:8      | Noticed a two-headed ogre
  7973 | D:8      | Killed a two-headed ogre
  7974 | D:8      | Reached skill level 5 in Fighting
  7974 | D:8      | Reached skill level 15 in Polearms
  8190 | D:8      | Reached XP level 10. HP: 83/83 MP: 9/9
  8405 | D:8      | Found an opulent altar of Gozag.
  8435 | D:8      | Reached skill level 5 in Dodging
  8456 | D:8      | Noticed a purple ugly thing
  8461 | D:8      | Reached skill level 16 in Polearms
  8465 | D:8      | Killed a purple ugly thing
  8512 | D:8      | Noticed a boulder beetle
  8522 | D:8      | Killed a boulder beetle
  9225 | D:9      | Found a shadowy altar of Dithmenos.
  9282 | D:9      | Reached skill level 17 in Polearms
  9619 | D:9      | Noticed a two-headed ogre
  9634 | D:9      | Mangled by a two-headed ogre

Illustrated notes

Levels and vault maps discovered:
D:1:      wheals_arrival_linesprint, layout_loops_cross,
          hellmonk_ecumenical_altar_arch_garden, minmay_quantized
D:2:      layout_loops_corners, serial_rivers, chequers_serial_rivers_micro_a,
          chequers_serial_rivers_room_a, chequers_serial_rivers_micro_e,
          chequers_serial_rivers_room_b, chequers_serial_rivers_micro_c
D:3:      kb_forest_paths, layout_basic, dk_noncrumbling_4,
          chequers_serial_rivers_small_b, uniq_terence
D:4:      layout_rooms, mainiacjoe_overflow_surrounded_room,
          kennysheep_generic_room_15
D:5:      layout_basic, overflow_temple_1_default, mainiacjoe_overflow_alcove_2,
          uniq_grinder
D:6:      corexii_shantytown, layout_basic, mainiacjoe_overflow_alcove_1,
          lemuel_tele_altar, nicolae_qazlal_general_emergency,
          minmay_temple_entry_hall, serial_undead, serial_undead_d,
          serial_undead_d, serial_undead_a, serial_undead_e, serial_undead_b,
          serial_undead_d, serial_shops, nicolae_square_shop
D:7:      lemuel_ice_spiral_2, layout_basic, mainiacjoe_overflow_catwalk,
          amcnicky_mini_rare_corridor_liquid
D:8:      layout_cave_pools, grunt_gozag_breadcrumbs, minmay_manual_mess
D:9:      layout_loops_ring, nicolae_overflow_hidden_temple, chequers_avenue,
          serial_park_tiny_2, minmay_diced_spiral
Temple:   nicolae_temple_bog_church

Skill      XL: |  1  2  3  4  5  6  7  8  9 10 |
---------------+-------------------------------+-----
Polearms       | 4 5 6 7 8 9 11 14 15 17 | 17.1
Fighting       | 6 7 |  7.9
Dodging        | 4 6 |  6.7
Armour         | |  2.4

Action                   |  1- 3 |  4- 6 |  7- 9 | 10-12 || total
-------------------------+-------+-------+-------+-------++-------
Melee: Spear             |   125 |    73 |       |       ||   198
       Headbutt          |     7 |    18 |    30 |    18 ||    73
       Punch             |     1 |     1 |       |       ||     2
       Trident           |       |    17 |       |       ||    17
       Bardiche          |       |     8 |   222 |    94 ||   324
Throw: Dart              |       |       |       |     4 ||     4
Invok: Berserk           |     2 |     3 |     7 |     5 ||    17
       Trog's Hand       |       |     1 |     2 |     2 ||     5
  Use: Scroll            |       |    16 |     5 |     6 ||    27
       Potion            |       |       |       |     1 ||     1
 Stab: Sleeping          |     1 |     1 |     6 |       ||     8
Armor: Leather armour    |    14 |    14 |    29 |       ||    57
       Steam dragon scal |       |       |    59 |    13 ||    72
Dodge: Dodged            |    40 |    42 |   134 |    69 ||   285
